Frizzbo, neutral female sylph Wizard ---- |e@-- |E..| ---- --F-| |..| ----.-- |..-- - .- ---.|...---------------...------...------------------ | --- |[..................................................................- --.....---...------ .--......... ..------------- |......| - -- ........^. | |-....-- -....... |.....-- |.....- --.....| ---.%..- |.....--- ---......| ---.....--- --.....(..-- |.(.....-----...^......| |-.......--...........-- |.............^..--.....*.... |...........--..-----......--- ---.....--..|---- ---...-- |..|..|---- -..| ------- --- Frizzbo the Thaumaturge Experience level: 6 Strength: 6 Dexterity: 9 Constitution: 15 Intelligence: 17 Wisdom: 18 Charisma: 8 Health: 0(46) Energy: 51(79) Def: 1 Gold: 298 Moves: 3284 Dungeon seed: g076RAZRZCGuLuDu Game ID: Frizzbo_1465763521 Your Inventory: Coins $ - 298 gold pieces Weapons a - a blessed +1 quarterstaff (weapon in hands) I - a blessed +1 orcish dagger Armor e - an uncursed +0 cloak of magic resistance (being worn) Y - an uncursed +0 pair of speed boots Comestibles h - 2 uncursed fortune cookies q - 2 uncursed food rations C - 3 uncursed tripe rations Wands k - an uncursed wand of speed monster (0:4) W - an uncursed wand of magic missile (0:4) Tools d - an uncursed skeleton key f - an uncursed magic whistle g - an uncursed can of grease (0:1) Q - an uncursed expensive camera (0:30) T - an uncursed sack U - an uncursed towel Gems n - 2 uncursed worthless pieces of black glass r - 2 uncursed worthless pieces of yellowish brown glass y - an uncursed luckstone z - an uncursed opal N - an uncursed chrysoberyl stone O - an uncursed worthless piece of blue glass P - 2 uncursed worthless pieces of orange glass S - 2 uncursed jade stones Contents of the sack: 2 uncursed scrolls of confuse monster a blessed scroll of destroy armor a cursed scroll of fire an uncursed scroll of gold detection an uncursed scroll of light a cursed scroll of light an uncursed scroll of teleportation a cursed scroll of teleportation an uncursed potion of confusion a blessed potion of enlightenment an uncursed potion of gain ability 4 uncursed potions of gain energy a blessed potion of hallucination an uncursed potion of healing an uncursed potion of levitation an uncursed potion of object detection an uncursed potion of paralysis an uncursed magic marker (0:48) Spells and supernatural/magical abilities: Name Level Category Fail Memory a - force bolt 1 attack 0% 84% m - magic missile 2 attack 0% 98% n - detect monsters 1 divination 0% 84% W - pray for help -- divine ? -- Your skills at the end: Miscellaneous Skills wands [Basic] Weapon Skills dagger [Basic] quarterstaff [Basic] Spellcasting Skills attack spells [Skilled] enchantment spells [Basic] Final Attributes: You were devoutly aligned. You were poison resistant. You were magic-protected. You saw invisible. You had infravision. You were stealthy. You were protected from shape changers. You were lucky. You had extra luck. Bad luck did not time out for you. Good luck did not time out for you. You are dead. Vanquished creatures: a gnome king a yeti a dingo 2 soldier ants a bugbear 3 gnome lords 2 gnomish wizards an elf zombie a floating eye a kitten 7 dwarves 2 rothes a wererat a killer bee 2 coyotes a hobbit 4 geckos a hobgoblin a cave spider a brown mold 2 yellow molds a red mold 20 gnomes 2 garter snakes 2 jackals 3 foxes 3 kobolds 5 newts 3 goblins 4 sewer rats 4 grid bugs 6 lichens 2 kobold zombies 92 creatures vanquished. Genocided species: monkeys apes owlbears yetis sasquatches 5 species genocided. Voluntary challenges: You had followed a strict vegan diet until turn 2546. You had followed a strict vegetarian diet until turn 2546. You did not adorn yourself with jewelry or accessories. You used a wielded weapon 99 times, starting on turn 251. You did not apply a unicorn horn. You read items or engraved 5 times, starting on turn 2230. You genocided 5 types of monsters, starting on turn 3283. You never polymorphed an object. You never changed form. You used no wishes. You never split a pudding. You never wrote Elbereth's name. You violated your moral code, losing 1 point of alignment, starting on turn 2546. Dungeon overview: The Dungeons of Doom: levels 1 to 3 Level 1 a long staircase Level 2 an armor shop, some fountains Level 3 a fountain stairs to The Gnomish Mines The Gnomish Mines: levels 4 to 8 Level 4 stairs to The Dungeons of Doom Level 5 Level 6 many shops, a temple to Anhur, a magic chest, some fountains Level 7 Level 8 <- You were here History has recorded: On T:1 you entered the Dungeons of Doom to retrieve the Amulet of Yendor! On T:432 you advanced to experience level 2. On T:520 you reached level 2 of The Dungeons of Doom. On T:772 you advanced to experience level 3. On T:1393 you advanced to experience level 4. On T:1552 you reached level 3 of The Dungeons of Doom. On T:1838 you reached level 1 of The Gnomish Mines. On T:1929 you advanced to experience level 5. On T:2175 you reached level 2 of The Gnomish Mines. On T:2509 you reached level 3 of The Gnomish Mines. On T:2543 you advanced to experience level 6. On T:2753 you opened a magic chest. On T:2763 you entered the Minetown temple On T:2782 you opened a magic chest. On T:2784 you opened a magic chest. On T:2785 you opened a magic chest. On T:2802 you opened a magic chest. On T:2806 you opened a magic chest. On T:3025 you opened a magic chest. On T:3026 you opened a magic chest. On T:3066 you reached level 4 of The Gnomish Mines. On T:3220 you reached level 5 of The Gnomish Mines. Score breakdown: Gold: 298 ( 29 points) Experience: 6 levels ( 500 points) Exploration: 8 levels ( 210 points) Discoveries: 14 items ( 700 points) Variety of kills: 33 monsters ( 1650 points) Major goal: reached Minetown ( 500 points) Survival: died (score multiplied by 3) Total score: 10767 Latest messages: You hit the yeti. The yeti claws you! (2x) The yeti bites! The Green-elf punches you! As you read the scroll, it disappears. You have found a scroll of genocide! That symbol does not represent any monster. Wiped out all monkeys. Wiped out all apes. Wiped out all owlbears. Wiped out all yetis. Wiped out all sasquatches. The Green-elf punches you! The spell hits the Green-elf. The Green-elf punches you! You die... Final status: Goodbye Frizzbo the Wizard, killed by a Green-elf... You died in The Gnomish Mines on dungeon level 8 with 10767 points, and 298 pieces of gold, after 3284 moves. You were level 6 with a maximum of 46 hit points when you died.